 Dungeon Crawl Stone Soup version 0.32-a0-732-ga344392067 (webtiles) character file.

Game seed: 5256732898697759245

53 Croata the Sneak (level 3, -3/19 HPs)
             Began as a Vine Stalker Artificer on Mar 16, 2024.
             Killed from afar by an orc wizard (12 damage)
             ... with a puff of flame
             ... on level 3 of the Dungeon.
             The game lasted 00:01:54 (1163 turns).

Croata the Sneak (Vine Stalker Artificer)           Turns: 1163, Time: 00:01:54

Health: -3/19      AC:  5    Str: 16    XL:     3   Next: 89%
Magic:  0/4        EV:  9    Int: 11    God:
Gold:   197        SH:  0    Dex: 14    Spells: 2/2 levels left

rFire   . . .        n - +1 short sword (drain)
rCold   . . .        (no shield)
rNeg    . . .        o - +0 ring mail
rPois   .            (no helmet)
rElec   .            (no cloak)
rCorr   .            (no gloves)
SInv    .            (no boots)
Will    .....        (no amulet)
Stlth   ++           (no ring)
HPRegen 1.03/turn    (no ring)
MPRegen 0.09/turn

%: guardian spirit
@: no status effects
A: fangs 2, regeneration 1, magic shield, antimagic bite, no potion heal 2
a: no special abilities


You were on level 3 of the Dungeon.
You visited 1 branch of the dungeon, and saw 3 of its levels.

You collected 197 gold pieces.

Inventory:

Hand Weapons
 a - a +0 club
 j - a +0 quarterstaff
 n - a +1 short sword of draining (weapon)
Armour
 b - a +0 leather armour
 o - a +0 ring mail (worn)
Wands
 c - a wand of flame (15) (quivered)
 d - a wand of charming (15)
 i - a wand of iceblast (4)
Scrolls
 f - 2 scrolls of identify {unknown}
 h - a scroll of enchant armour {unknown}
 m - 2 scrolls of blinking {unknown}
 q - a scroll of torment {unknown}
Potions
 e - 2 potions of haste {unknown}
 g - a potion of brilliance {unknown}
 k - a potion of invisibility {unknown}
 l - a potion of attraction {unknown}
 p - a potion of curing {unknown}
 r - a potion of mutation {unknown}


   Skills:
 + Level 2.3 Fighting
 - Level 1.5 Armour
 - Level 0.7 Dodging
 + Level 3.4 Stealth
 - Level 2.6 Evocations


You had 2 spell levels left.
You didn't know any spells.
Your spell library contained the following spells:

 Spells                   Type           Power      Damage    Failure   Level
 Apportation              Tloc           0%         N/A       54%         1
 Necrotise                Necr           0%         1d4       54%         1
 Sting                    Conj/Alch      0%         1d3       54%         1
 Summon Small Mammal      Summ           0%         N/A       54%         1
 Inner Flame              Hex/Fire       0%         N/A       89%         3
 Irradiate                Conj/Alch      0%         3d11      100%        5
 Ignition                 Fire           0%         3d3       100%        8


Dungeon Overview and Level Annotations

Branches:
Dungeon (3/15)

Altars:

Annotations:
D:3 Sigmund


Innate Abilities, Weirdness & Mutations

You have extremely sharp teeth.
Your natural rate of healing is unusually fast.
When hurt, damage is shared between your health and your magic reserves.
Your bite disrupts and absorbs the magic of your enemies.
Potions cannot restore your health.


Message History

No target in view!
No target in view!
No target in view!
No target in view!
No target in view!
No target in view!
No target in view!
No target in view!
No target in view!
No target in view!
No target in view!
No target in view!
No target in view!
Found 10 gold pieces.
Sigmund and a rat come into view.
Sigmund is wielding a +0 scythe, wearing a +2 robe of positive energy and carrying a wand of flame.
Aiming: Iceblast
Press: ? - help, Q - select action, (/) - cycle Shift-Dir - straight line The mass of ice explodes!
The iceblast engulfs Sigmund!
Sigmund is severely wounded.
You hear a loud squeak.
You hear a shout! x3
Sigmund gestures at you while chanting.
You are confused.
Unknown command.
The rat squeaks loudly.
Sigmund attacks as he pursues you! Sigmund barely misses you.
A magic dart appears from out of thin air!
The magic dart hits you!
An orc comes into view. It is wielding a +0 short sword.
The orc shouts!
Sigmund zaps a wand.
The puff of flame hits you!
Sigmund zaps a wand.
The puff of flame hits you.
You feel less confused. Sigmund barely misses you.
A goblin comes into view. It is wielding a +0 dagger.
You hear some strange, mumbled words.
A puff of flame appears from out of thin air!
The puff of flame hits you!
Ouch! That really hurt!
You die...

...$...#.#.#
.......#.#g#
#........#.#
.........#.## #
#.....#.#
#######.....#.##
........r....... #+
###....{@...#.# ...
#....o.@..#.# .....
#....=....#.##.....
#.........)!.......
#.###......†.#....
#. #...........# .
#...........# .
#...........#
#######.....#
#.....#


You could see Sigmund, an orc, a goblin and a rat.

Vanquished Creatures
  A dart slug (D:2)
  2 ribbon worms (D:2)
  2 orcs (D:3)
  5 endoplasms (D:1)
  5 giant cockroaches
  5 goblins
  5 hobgoblins
  3 jackals (D:2)
  2 kobolds (D:1)
  A quokka (D:2)
  3 ball pythons
  2 bats (D:2)
  2 rats (D:1)
38 creatures vanquished.

Notes
Turn   | Place    | Note
-------+----------+-------------------------------------------
     0 | D:1      | Croata the Vine Stalker Artificer began the quest for the
                  | Orb.
     0 | D:1      | Reached XP level 1. HP: 9/9 MP: 2/2
    87 | D:1      | Reached skill level 1 in Fighting
   142 | D:1      | Reached skill level 2 in Stealth
   142 | D:1      | Reached XP level 2. HP: 14/14 MP: 3/3
   451 | D:2      | Reached XP level 3. HP: 18/18 MP: 4/4
   451 | D:2      | Found a faded altar of an unknown god.
   556 | D:2      | Reached skill level 3 in Stealth
  1153 | D:3      | Noticed Sigmund
  1163 | D:3      | Killed from afar by an orc wizard

Illustrated notes

Levels and vault maps discovered:
D:1:      giann_forest_graveyard, layout_rooms
D:2:      layout_loops_ring, shapermc_ecumenical_altar_pompeii,
          minmay_worlds_worst_comb
D:3:      layout_basic, uniq_sigmund

Skill      XL: |  1  2  3 |
---------------+----------+-----
Fighting       | 1 2 |  2.3
Stealth        | 2 3 |  3.4
Armour         | |  1.5
Dodging        | |  0.7
Evocations     | |  2.6

Action                     || total
---------------------------++-------
  Melee: Club              ||    21
         Bite              ||    25
         Short sword       ||    72
         Quarterstaff      ||     6
  Evoke: Wand              ||     1
   Stab: Sleeping          ||     5
 Armour: Leather armour    ||    19
         Ring mail         ||    48
  Dodge: Dodged            ||    48

Table legend: (Time is in decaauts)
 A = Elapsed time spent in this place.
 B = Non-inter-level travel time spent in this place.
 C = Inter-level travel time spent in this place.
 D = Time resting spent in this place.
 E = Time spent auto-exploring this place.
 F = Levels seen in this place.
 G = Mean time per level.
                   A        B        C        D        E       F      G
               +--------+--------+--------+--------+--------+-----+--------+
         Total |   1169 |   1139 |     30 |     12 |    838 |   3 |  389.7 |
       Dungeon |   1169 |   1139 |     30 |     12 |    838 |   3 |  389.7 |
               +--------+--------+--------+--------+--------+-----+--------+

Top non-repeatable levels by time:
     D:2: 652 daAuts
     D:1: 455 daAuts
     D:3: 61 daAuts
